 Dungeon Crawl Stone Soup version 0.25.1-2-g60ff931df9 (webtiles) character file.

Game seed: 12116019129273545720

696 hawla the Magician (level 7, 0/50 HPs)
             Began as a Purple Draconian Conjurer on Nov 17, 2020.
             Slain by Duvessa
             ... wielding a +0 short sword
              (1 damage)
             ... on level 5 of the Dungeon.
             The game lasted 00:15:12 (4874 turns).

hawla the Magician (Purple Draconian Conjurer)      Turns: 4874, Time: 00:15:13

Health: 0/50       AC:  6    Str: 17    XL:     7   Next: 37%
Magic:  2/18       EV: 12    Int: 17    God:
Gold:   233        SH:  0    Dex: 11    Spells: 3/21 levels left

rFire    . . .     SeeInvis .   j - staff of poison
rCold    . . .     Gourm    .   (no shield)
rNeg     . . .     Faith    .   (armour unavailable)
rPois    +         Spirit   .   (helmet restricted)
rElec    .         Reflect  .   (no cloak)
rCorr    .         Harm     .   (no gloves)
MR       +....                  (no boots)
Stlth    +++.......             (no amulet)
HPRegen  0.16/turn              r - +6 ring of strength
MPRegen  0.16/turn              k - ring of stealth

@: hasted, very quick
A: breathe power, unfitting armour, antennae 1, big wings, cold-blooded, AC +6
a: Breathe Dispelling Energy, Fly


You were on level 5 of the Dungeon.
You were hungry.

You visited 1 branch of the dungeon, and saw 6 of its levels.

You collected 233 gold pieces.

Inventory:

Missiles
 n - 8 boomerangs (quivered)
Magical Staves
 j - an uncursed staff of poison (weapon)
Jewellery
 k - a ring of stealth (right hand)
 p - an uncursed ring of protection from cold
 r - a +6 ring of strength (left hand)
Wands
 m - a wand of iceblast (8)
Scrolls
 e - a scroll of enchant weapon
 g - a scroll of amnesia
 h - a scroll of fear
 o - a scroll of fog {unknown}
 q - a scroll of magic mapping
Potions
 d - a potion of magic
 f - 2 potions of brilliance {unknown}
 i - 2 potions of flight
Comestibles
 b - 11 rations


   Skills:
 - Level 1.7 Dodging
 - Level 1.7 Stealth
 - Level 7.5 Spellcasting
 + Level 5.1 Conjurations
 + Level 0.4 Hexes
 + Level 3.0 Translocations
 + Level 0.4 Ice Magic


You had 3 spell levels left.
You knew the following spells:

 Your Spells              Type           Power        Failure   Level  Hunger
a - Magic Dart            Conj           ###.         1%          1    None
b - Searing Ray           Conj           ###...       1%          2    None
c - Iskenderun's Mystic   Conj/Tloc      ###.....     21%         4    ####...
d - Gell's Gravitas       Tloc           ###.......   10%         3    ##.....
e - Dazzling Flash        Conj/Hex       ###...       11%         3    ##.....
f - Metabolic Englaciati  Hex/Ice        #.........   95%         5    #####..

Your spell library contained the following spells:

 Spells                   Type           Power        Failure   Level  Hunger
 Confusing Touch          Hex            #.......     26%         3    ##.....
 Fulminant Prism          Conj/Hex       ###.......   34%         4    ####...
 Petrify                  Tmut/Erth      #.......     73%         4    ####...
 Yara's Violent Unravell  Hex/Tmut       #.........   95%         5    #####..


Dungeon Overview and Level Annotations

Branches:
Dungeon (6/15)
 Temple: D:4-7

Altars:
The Shining One

Shops:
D:5 (

Annotations:
D:5 Duvessa


Innate Abilities, Weirdness & Mutations

You can breathe bolts of dispelling energy.
Your rich purple scales are hard. (AC +6)
You cannot fit into any form of body armour.
You are cold-blooded and may be slowed by cold attacks.
You have a pair of small antennae on your head.
Your large and strong wings let you fly indefinitely.


Message History

Duvessa hits you with a +0 short sword!
* * * LOW HITPOINT WARNING * * *
You feel better. Duvessa hits you but does no damage.
Okay, then.
Casting: Searing Ray (safe; 1% risk of failure)
Confirm with . or Enter, or press ? or * to list all spells.
You don't have enough magic to cast that spell.
Casting: Searing Ray (safe; 1% risk of failure)
Confirm with . or Enter, or press ? or * to list all spells.
Aiming: Searing Ray (safe; 1% risk of failure)
Press: ? - help, Shift-Dir - straight line, f/p - Duvessa
Aim: Duvessa, wielding a +0 short sword, wearing a +0 leather armour and quivering 3 stones (almost dead, berserk)
The searing ray hits Duvessa.
Duvessa is almost dead. (Press . to maintain the ray.) Duvessa barely misses you.
Duvessa misses you.
You feel better. Duvessa hits you with a +0 short sword!
* * * LOW HITPOINT WARNING * * *
You feel yourself speed up. Duvessa hits you with a +0 short sword.
You die...

##.####............
..................
####.##..............
..#.#..)............
#.#...............?.
#.#.................
#................... .
#...e...............
....#####..@........รท)......
#........................[..
#.#######...................
##..................
+...................
##......)......%....
#...........$......
#..................
#.............<....


You could see Duvessa (berserk).

Vanquished Creatures
  Sigmund (D:3)
  A centaur (D:5)
  Dowan (D:5)
  A crimson imp (D:5)
  A jelly (D:5)
  2 hounds (D:5)
  2 iguanas (D:4)
  2 worker ants
  A hound zombie (D:5)
  6 gnolls
  4 adders
  An ooze (D:1)
  2 worms
  3 dart slugs
  5 orcs (D:3)
  2 giant cockroaches
  5 goblins
  8 hobgoblins
  5 jackals
  A quokka (D:6)
  5 bats
  4 frilled lizards
  A jackal skeleton (D:4)
  7 kobolds
  5 rats
76 creatures vanquished.

Notes
Turn   | Place    | Note
-------+----------+-------------------------------------------
     0 | D:1      | hawla the Draconian Conjurer began the quest for the Orb.
     0 | D:1      | Reached XP level 1. HP: 14/14 MP: 3/3
   599 | D:1      | Reached XP level 2. HP: 19/20 MP: 1/5
   784 | D:1      | Reached skill level 3 in Spellcasting
   943 | D:1      | You fall into a shaft and drop 1 floor!
   950 | D:1      | Learned a level 2 spell: Searing Ray
  1643 | D:2      | Reached XP level 3. HP: 26/26 MP: 1/7
  2214 | D:2      | Reached skill level 4 in Spellcasting
  2354 | D:3      | Noticed Sigmund
  2359 | D:3      | Killed Sigmund
  2359 | D:3      | Reached skill level 5 in Spellcasting
  2359 | D:3      | Reached XP level 4. HP: 14/33 MP: 1/11
  2359 | D:3      | Reached XP level 5. HP: 16/38 MP: 1/13
  2575 | D:4      | Learned a level 4 spell: Iskenderun's Mystic Blast
  2635 | D:4      | Reached XP level 6. HP: 45/45 MP: 8/14
  3241 | D:3      | Reached skill level 1 in Translocations
  3679 | D:4      | Gained mutation: You have a pair of small antennae on your
                  | head. [potion of mutation]
  3679 | D:4      | Gained mutation: Your large and strong wings let you fly
                  | indefinitely. [potion of mutation]
  3928 | D:4      | Reached skill level 6 in Spellcasting
  4176 | D:4      | Found a glowing golden altar of the Shining One.
  4277 | D:5      | Entered Level 5 of the Dungeon
  4283 | D:5      | Found Quj Amun's Weapon Shoppe.
  4512 | D:5      | Your scales start taking on a rich purple colour.
  4512 | D:5      | Reached skill level 7 in Spellcasting
  4512 | D:5      | Reached XP level 7. HP: 49/50 MP: 0/18
  4526 | D:5      | Reached skill level 5 in Conjurations
  4527 | D:5      | Noticed Dowan
  4680 | D:6      | Learned a level 3 spell: Gell's Gravitas
  4684 | D:6      | Learned a level 3 spell: Dazzling Flash
  4690 | D:6      | Learned a level 5 spell: Metabolic Englaciation
  4831 | D:5      | Killed Dowan
  4858 | D:5      | Noticed Duvessa
  4870 | D:5      | HP: 2/50 [Duvessa/+0 short sword (12)]
  4874 | D:5      | Slain by Duvessa

Illustrated notes

Levels and vault maps discovered:
D:1:      arrival_zaba_pyramid, layout_basic, hangedman_decor_diamond_cutter
D:2:      layout_rooms
D:3:      layout_loops_ring, uniq_sigmund
D:4:      layout_cave_pools, nicolae_tso_swordbearing_angel
D:5:      layout_basic, serial_shops, shop, first_ration, uniq_duvessa
D:6:      layout_basic

Skill      XL: |  1  2  3  4  5  6  7 |
---------------+----------------------+-----
Spellcasting   | 3 5 7 |  7.5
Translocations | 2 3 |  3.0
Conjurations   | 5 |  5.1
Dodging        | |  1.7
Stealth        | |  1.7
Hexes          | |  0.4
Ice Magic      | |  0.4

Action                   |  1- 3 |  4- 6 |  7- 9 || total
-------------------------+-------+-------+-------++-------
Melee: Unarmed           |    39 |       |       ||    39
       Tailslap          |     4 |     1 |       ||     5
       Staff             |       |     1 |     2 ||     3
 Cast: Magic Dart        |    61 |    59 |    13 ||   133
       Searing Ray       |     9 |    14 |     8 ||    31
       Iskenderun's Myst |       |     3 |     3 ||     6
       Dazzling Flash    |       |       |     2 ||     2
  Use: Scroll            |     7 |     7 |       ||    14
       Potion            |       |     1 |     4 ||     5
  Eat: Chunk             |     5 |     7 |     1 ||    13
Armor: Skin              |    19 |     5 |    11 ||    35
Dodge: Dodged            |    46 |    15 |    19 ||    80
